 Dungeon Crawl Stone Soup version 0.30.0-30-g96aa6591b8 (webtiles) character file.

Game seed: 17709858549059994425

597 Pepete the Slasher (level 7, -10/60 HPs)
             Began as a Hill Orc Fighter on June 28, 2023.
             Was an Initiate of Okawaru.
             Killed by divine providence
             ... invoked by an orc priest
              (16 damage)
             ... on level 5 of the Dungeon.
             The game lasted 00:09:08 (5003 turns).

Pepete the Slasher (Hill Orc Fighter)               Turns: 5003, Time: 00:09:09

Health: -10/60     AC: 18    Str: 23    XL:     7   Next: 40%
Magic:  7/7        EV:  8    Int:  8    God:    Okawaru [......]
Gold:   91         SH:  4    Dex: 10    Spells: 6/6 levels left

rFire   . . .        a - +1 long sword
rCold   . . .        c - +0 buckler
rNeg    . . .        s - +1 chain mail
rPois   .            (no helmet)
rElec   .            h - +2 cloak
rCorr   .            (no gloves)
SInv    .            (no boots)
Will    .....        f - amulet of regeneration Stlth
                     j - ring "Enyxt" {*Slow AC+4 Str+2 Slay+4}
HPRegen 1.10/turn    g - +4 ring of slaying
MPRegen 0.10/turn

%: slow self (1%)
@: slowed, very slow
A: no striking features
a: Renounce Religion, Convert to Beogh


You were on level 5 of the Dungeon.
You worshipped Okawaru.
Okawaru was noncommittal.
You visited 2 branches of the dungeon, and saw 6 of its levels.

You collected 91 gold pieces.

Inventory:

Hand Weapons
 a - a +1 long sword (weapon)
Armour
 c - a +0 buckler (worn)
 h - a +2 cloak (worn)
 s - a +1 chain mail (worn)
Jewellery
 f - an amulet of regeneration (around neck)
 g - a +4 ring of slaying (right hand)
 i - a ring of resist corrosion
 j - the ring "Enyxt" (left hand) {*Slow AC+4 Str+2 Slay+4}
   (You found it on level 5 of the Dungeon)

   [ring of protection]

   AC:        It affects your AC (+4).
   Str:       It affects your strength (+2).
   Slay:      It affects your accuracy & damage with ranged weapons and melee
   (+4).
   *Slow:     It may slow you when you take damage.
 v - a ring of resist corrosion
 x - a ring of flight
Wands
 b - a wand of mindburst (19)
Scrolls
 k - 4 scrolls of identify
 m - a scroll of noise
 q - a scroll of amnesia
Potions
 d - a potion of haste {unknown}
 n - a potion of invisibility {unknown}
 o - a potion of resistance {unknown}
 u - a potion of attraction {unknown}


   Skills:
 + Level 4.8 Fighting
 * Level 6.9 Long Blades
 + Level 4.9 Armour
 + Level 0.1 Stealth
 + Level 4.0 Shields


You had 6 spell levels left.
You didn't know any spells.
Your spell library contained the following spells:

 Spells                   Type           Power      Damage    Failure   Level
 Necrotise                Necr           0%         1d4       96%         1
 Poisonous Vapours        Pois/Air       0%         N/A       99%         2
 Mephitic Cloud           Conj/Pois/Air  0%         N/A       100%        3
 Vampiric Draining        Necr           0%         2d6       100%        3
 Agony                    Necr           0%         N/A       100%        5
 Freezing Cloud           Conj/Ice/Air   0%         6-21      100%        5


Dungeon Overview and Level Annotations

Branches:
Dungeon (5/15)             Temple (1/1) D:5

Altars:
Ashenzari
Dithmenos
Elyvilon
Kikubaaqudgha
Nemelex Xobeh
Okawaru
Sif Muna
Trog
Vehumet
Wu Jian
Yredelemnul

Annotations:
D:4 Sigmund


Message History

The orc priest mumbles some strange prayers to Beogh against you.
Beogh smites you!
The orc priest shouts, "Join the one true god or die!"
The orc priest mumbles some strange prayers to Beogh against you.
Beogh smites you!
The orc priest mumbles some strange prayers to Beogh against you.
You struggle to resist.
The orc priest threatens, "By the altar or by the axe, you will meet Beogh!"
You see here 6 gold pieces.
The orc hits you but does no damage. You block the orc's attack.
You see here 6 gold pieces.
You slash the orc!
You kill the orc!
Okawaru accepts your kill.
You closely miss the orc.
The orc priest calls down the wrath of Beogh upon you.
Beogh smites you! The orc hits you but does no damage.
The orc priest threatens, "By the altar or by the axe, you will meet Beogh!"
You hit the orc.
The orc is lightly wounded.
The orc priest invokes the aid of Beogh against you.
Beogh smites you! The orc hits you but does no damage.
The orc priest threatens, "By the altar or by the axe, you will meet Beogh!"
You hit the orc.
The orc is severely wounded.
The orc priest invokes the aid of Beogh against you.
Beogh smites you!
* * * LOW HITPOINT WARNING * * *
You feel yourself slow down.
The orc priest begins to cast a cantrip, but forgets the words!
The orc hits you but does no damage.
The orc priest shouts, "Join the one true god or die!"
You feel better. The orc hits you but does no damage.
The orc hits you with a +0 hand axe.
The orc priest mumbles some strange prayers to Beogh against you.
Beogh smites you!
* * * LOW HITPOINT WARNING * * *
The orc priest calls down the wrath of Beogh upon you.
Beogh smites you!
You die...

..... ..... .###
##########.....
.... .....$........
# ....
..#.......... #.
##..###.#.........#
.#>
.^.......#oo......
....
..##.P.†.#o###...#
#..###.##.†>..#@#
..# ...#.##..P....#
# #.#.##.).....#
#..........#.#
#..........#..# #
#.....###.##..# ##.
#.#.#####.##..#
....#.#.....#.##...
#.......# #.##.#..


You could see 2 orc priests and an orc.

Vanquished Creatures
  2 black bears (D:5)
  A crimson imp (D:5)
  A hound (D:5)
  An orc priest (D:4)
  Jessica (D:2)
  Terence (D:2)
  2 iguanas
  An orc wizard (D:5)
  3 gnolls
  6 adders
  2 worms
  7 orcs
  4 ball pythons
  8 bats
  9 endoplasms
  13 giant cockroaches
  6 goblins
  7 hobgoblins
  7 jackals
  5 quokkas
  A frilled lizard (D:3)
  10 kobolds
  6 rats
104 creatures vanquished.

Notes
Turn   | Place    | Note
-------+----------+-------------------------------------------
     0 | D:1      | Pepete the Hill Orc Fighter began the quest for the Orb.
     0 | D:1      | Reached XP level 1. HP: 19/19 MP: 1/1
    99 | D:1      | Reached XP level 2. HP: 3/27 MP: 2/2
  1651 | D:1      | Reached skill level 3 in Long Blades
  1652 | D:1      | Reached XP level 3. HP: 5/33 MP: 3/3
  2158 | D:1      | Found a faded altar of an unknown god.
  2771 | D:2      | Noticed Terence
  2795 | D:2      | Killed Terence
  2796 | D:2      | Reached XP level 4. HP: 33/40 MP: 4/4
  2836 | D:2      | Noticed Jessica
  2860 | D:2      | Killed Jessica
  2861 | D:2      | Reached skill level 4 in Long Blades
  3130 | D:2      | Reached XP level 5. HP: 46/46 MP: 5/5
  4287 | D:4      | Noticed an orc warrior
  4299 | D:4      | Reached skill level 5 in Long Blades
  4320 | D:4      | Reached XP level 6. HP: 16/52 MP: 6/6
  4330 | D:5      | Entered Level 5 of the Dungeon
  4330 | D:5      | Noticed a black bear
  4344 | D:5      | Killed a black bear
  4588 | D:5      | Identified the ring "Enyxt" {*Slow AC+4 Str+2 Slay+4}
  4607 | D:5      | Reached skill level 6 in Long Blades
  4835 | D:4      | Noticed Sigmund
  4879 | D:5      | Noticed a black bear
  4887 | D:5      | Reached XP level 7. HP: 56/60 MP: 7/7
  4927 | D:5      | Found a staircase to the Ecumenical Temple.
  4944 | Temple   | Entered the Ecumenical Temple
  4964 | Temple   | Became a worshipper of Warmaster Okawaru
  5003 | D:5      | Killed from afar by an orc priest

Illustrated notes

Levels and vault maps discovered:
D:1:      minmay_arrival_split_and_join, layout_rooms,
          shapermc_ecumenical_altar_mp_urbaneastern, serial_glass,
          glass_columns_c, glass_columns_a, feat_on_display,
          due_unseen_surprise, hangedman_feature_mirror
D:2:      layout_rooms, uniq_terence, uniq_jessica
D:3:      minmay_roachtagon, layout_loops_ring
D:4:      layout_basic, grunt_temple_overflow_champion_of_chaos,
          enter_ossuary_3, uniq_sigmund, uniq_menkaure, uniq_blork_the_orc,
          uniq_robin, uniq_edmund
D:5:      layout_basic, minmay_temple_entry_overgrown, serial_shops,
          nicolae_shop_back_alley_shop, nrook_loot_triangle, uniq_ijyb
Temple:   minmay_freezing_vapour_temple

Skill      XL: |  1  2  3  4  5  6  7 |
---------------+----------------------+-----
Long Blades    | 3 4 5 6 |  6.9
Armour         | 4 |  4.9
Fighting       | 4 |  4.8
Shields        | 4 |  4.0
Stealth        | |  0.1

Action                     |  1- 3 |  4- 6 |  7- 9 || total
---------------------------+-------+-------+-------++-------
  Melee: Long sword        |   121 |   218 |    17 ||   356
    Use: Potion            |     2 |     4 |     1 ||     7
         Scroll            |     2 |     7 |       ||     9
 Armour: Scale mail        |    69 |    18 |       ||    87
         Chain mail        |       |   167 |    15 ||   182
  Dodge: Dodged            |    67 |   147 |     5 ||   219
  Block: Buckler           |    31 |    64 |     3 ||    98
